 Dungeon Crawl Stone Soup version 0.30.1-11-g7821555f0a (webtiles) character file.

Game seed: 5402651912584047217

77 Kallu the Sneak (level 4, -1/24 HPs)
             Began as a Vampire Earth Elementalist on Jan 14, 2024.
             Was an Initiate of Kikubaaqudgha.
             Slain by a gnoll
             ... wielding a +0 whip
              (5 damage)
             ... on level 4 of the Dungeon.
             The game lasted 00:03:18 (1576 turns).

Kallu the Sneak (Vampire Earth Elementalist)        Turns: 1576, Time: 00:03:19

Health: -1/24      AC:  4    Str:  7    XL:     4   Next: 14%
Magic:  0/7        EV:  6    Int: 19    God:    Kikubaaqudgha [......]
Gold:   86         SH:  0    Dex: 14    Spells: 1/7 levels left

rFire   . . .        a - +0 short sword
rCold   + + .        (no shield)
rNeg    + + +        g - +0 robe
rPois   ∞            d - +1 helmet
rElec   .            (no cloak)
rCorr   .            (no gloves)
SInv    +            (no boots)
Will    .....        (no amulet)
Stlth   +++++        (no ring)
HPRegen 0.00/turn    (no ring)
MPRegen 0.10/turn

%: no passive effects
@: held, bloodless, inhibited regen
A: bloodless, fangs 3, see invisible, vampiric 2
a: Bat Form, Revivify, Renounce Religion


You were on level 4 of the Dungeon.
You worshipped Kikubaaqudgha.
Kikubaaqudgha was noncommittal.
You visited 2 branches of the dungeon, and saw 4 of its levels.

You collected 86 gold pieces.

Inventory:

Hand Weapons
 a - a +0 short sword (weapon)
Missiles
 c - 6 poisoned darts
Armour
 d - a +1 helmet (worn)
 g - a +0 robe (worn)
Scrolls
 e - a scroll of magic mapping
 h - 3 scrolls of identify {unknown}
Potions
 b - a potion of magic
 f - a potion of attraction {unknown}
 i - 3 potions of curing {unknown}


   Skills:
 - Level 2.1 Dodging
 * Level 4.9 Stealth
 - Level 2.0 Spellcasting
 - Level 1.1 Transmutations
 + Level 4.3 Earth Magic


You had one spell level left.
You knew the following spells:

 Your Spells              Type           Power      Damage    Failure   Level
a - Sandblast             Erth           36%        2d10      2%          1
b - Passwall              Tmut/Erth      10%        N/A       9%          2
c - Stone Arrow           Conj/Erth      20%        3d8       21%         3

Your spell library contained the following spells:

 Spells                   Type           Power      Damage    Failure   Level
 Petrify                  Tmut/Erth      12%        N/A       50%         4


Dungeon Overview and Level Annotations

Branches:
Dungeon (4/15)             Temple (1/1) D:4

Altars:
Ashenzari
Cheibriados
Dithmenos
Kikubaaqudgha
Ru
Trog
Vehumet
Wu Jian
Yredelemnul

Shops:
D:1 *


Innate Abilities, Weirdness & Mutations

You do not regenerate when monsters are visible.
You are frail without blood (-20% HP).
You can heal yourself when you bite living creatures.
You are immune to poison.
You have razor-sharp teeth.
You have supernaturally acute eyesight. (SInv)
You are afflicted with vampirism and can become a bat while bloodless.


Message History

Kikubaaqudgha accepts your kill.
The gnoll throws a throwing net.
The throwing net hits you.
You become entangled in the net!
You have reached level 4!
You struggle against the net.
You struggle against the net.
The gnoll barely misses you. x2
You struggle against the net.
The gnoll hits you with a +0 club! The gnoll barely misses you.
You struggle against the net.
The gnoll barely misses you. The gnoll hits you with a +0 whip.
You are too injured to fight recklessly!
Casting: Sandblast (safe; 3% risk of failure)
Confirm with . or Enter, or press ? or * to list all spells.
Aiming: Sandblast (safe; 3% risk of failure)
Press: ? - help, Shift-Dir - straight line, f - gnoll
Aim: a gnoll, wielding a +0 club and quivering a throwing net (84% to hit)
The blast of sand hits the gnoll!
You kill the gnoll!
Kikubaaqudgha accepts your kill. The gnoll hits you but does no damage.
Casting: Sandblast (safe; 2% risk of failure)
Confirm with . or Enter, or press ? or * to list all spells.
Aiming: Sandblast (safe; 2% risk of failure)
Press: ? - help, Shift-Dir - straight line, f - gnoll
Aim: a gnoll, wielding a +0 whip (84% to hit)
The blast of sand hits the gnoll.
The gnoll is moderately wounded.
The gnoll hits you with a +0 whip.
* * * LOW HITPOINT WARNING * * *
The gnoll closely misses you.
Casting: Sandblast (safe; 2% risk of failure)
Confirm with . or Enter, or press ? or * to list all spells.
Aiming: Sandblast (safe; 2% risk of failure)
Press: ? - help, Shift-Dir - straight line, f/p - gnoll
Aim: a gnoll, wielding a +0 whip (moderately wounded, 84% to hit)
The blast of sand hits the gnoll.
The gnoll is almost dead.
The gnoll hits you with a +0 whip.
You die...
Kikubaaqudgha rasps: "You have failed me!
Welcome... oblivion!"

,,...,,,#...#...#,,...##,,,,,,**
,,#...,,,#.....#,,,....,,,,,,,,**
,*....#####.>.#####...,,,,,,,,,,,
#,,......#.....#....#*,,,,,,,,,**
..,**#..#...#...#..#***,,,,,,****
..** *#....###....#* **,,,,** *
..* ##..#.#.#...# **,,,,,,** *
#.## #....#.....#***,,,,,,,,***
#..# ###.#..#...@.#*,,,,,***,,,**
*#.###........#g)......<,* ***,,*
##..............).......,* **,,
#...########...........[,** **,
....#* #............,,* ** .##..#
#........:...,,* *
####.#*****#............,,** ** #
**...,,,,.......#.....,,,** *,
#**,....,,,,**,,,,**,,,,,,,,****,


You could see a gnoll.

Vanquished Creatures
  2 gnolls (D:4)
  8 endoplasms
  4 goblins (D:1)
  3 hobgoblins
  10 jackals (D:1)
  5 ball pythons
  5 bats
  A frilled lizard (D:1)
  6 kobolds (D:1)
  9 rats (D:1)
53 creatures vanquished.

Notes
Turn   | Place    | Note
-------+----------+-------------------------------------------
     0 | D:1      | Kallu the Vampire Earth Elementalist began the quest for
                  | the Orb.
     0 | D:1      | Reached XP level 1. HP: 13/13 MP: 3/3
   155 | D:1      | Reached XP level 2. HP: 19/19 MP: 3/5
   494 | D:1      | Gained mutation: You are afflicted with vampirism and can
                  | become a bat while bloodless. [Vampire growth]
   494 | D:1      | Reached XP level 3. HP: 19/19 MP: 6/6
   551 | D:1      | Found Ciqoate's Assorted Antiques.
  1139 | D:1      | Learned a level 2 spell: Passwall
  1143 | D:1      | Learned a level 3 spell: Stone Arrow
  1355 | D:2      | You fall into a shaft and drop 2 floors!
  1369 | D:4      | Found a radiant altar of Vehumet.
  1409 | D:4      | Found a staircase to the Ecumenical Temple.
  1418 | Temple   | Entered the Ecumenical Temple
  1528 | Temple   | Became a worshipper of Kikubaaqudgha
  1570 | D:4      | Reached XP level 4. HP: 19/24 MP: 2/7
  1576 | D:4      | Slain by a gnoll

Illustrated notes

Levels and vault maps discovered:
D:1:      dpeg_arrival_ratfight, layout_loops_ring, serial_shops,
          nicolae_shop_crystal, lexackson_kobold_supper
D:2:      layout_basic, basic_altar
D:4:      layout_layer_cave, old_standard_altar, minmay_temple_entry_arrows,
          portal_sewer_entry_b, columned_hall_lemuel
Temple:   kb_temple_of_zot

Skill      XL: |  1  2  3 |
---------------+----------+-----
Earth Magic    | 4 |  4.3
Stealth        | 4 |  4.9
Dodging        | |  2.1
Spellcasting   | |  2.0
Transmutations | |  1.1

Action                     |  1- 3 |  4- 6 || total
---------------------------+-------+-------++-------
  Melee: Unarmed           |     5 |       ||     5
         Short sword       |    32 |       ||    32
   Cast: Sandblast         |    49 |     3 ||    52
Ability: Exsanguinate      |     1 |       ||     1
    Use: Scroll            |     4 |       ||     4
   Stab: Sleeping          |     7 |       ||     7
 Armour: Robe              |     8 |     1 ||     9
  Dodge: Dodged            |    32 |     5 ||    37
